 Dungeon Crawl Stone Soup version 0.24-a0-520-g8fd06ad (webtiles) character file.

Game seed: 16130566737534761290

3639 robbits the Carver (level 9, -4/72 HPs)
             Began as a Demonspawn Chaos Knight on July 26, 2019.
             Was a Plaything of Xom.
             Slain by a four-headed hydra (12 damage)
             ... on level 8 of the Dungeon.
             The game lasted 00:17:43 (8305 turns).

robbits the Carver (Demonspawn Chaos Knight)        Turns: 8305, Time: 00:17:43

Health: -4/72      AC:  9    Str: 20      XL:     9   Next: 87%
Magic:  9/9        EV: 20    Int: 13      God:    Xom [.*....]
Gold:   276        SH:  8    Dex: 17 (19) Spells: 8/8 levels left

rFire    + . .     SeeInvis .   H - +6 short sword (freeze)
rCold    . . .     Gourm    .   (no shield)
rNeg     . . .     Faith    .   b - +2 leather armour
rPois    .         Spirit   .   (helmet restricted)
rElec    .         Reflect  +   (no cloak)
rCorr    .         Harm     .   l - +1 pair of gloves
MR       .....                  i - +0 pair of boots
Stlth    +++.......             B - +2 amulet of reflection
HPRegen  0.22/turn              E - ring of fire
MPRegen  0.11/turn              y - ring of protection from cold

@: mighty, agile
A: antennae 1, large bone plates 2, deterioration 1, nightstalker 1, powered by
pain 1
a: Renounce Religion


You were on level 8 of the Dungeon.
You worshipped Xom.
You were a plaything of Xom.
You were not hungry.

You visited 1 branch of the dungeon, and saw 8 of its levels.
You also visited: Ossuary.

You collected 276 gold pieces.

Inventory:

Hand Weapons
 H - a +6 short sword of freezing (weapon)
Missiles
 j - 33 poisoned darts (quivered)
Armour
 b - a +2 leather armour (worn)
 i - a +0 pair of boots (worn)
 l - a +1 pair of gloves (worn)
Jewellery
 x - an uncursed ring of positive energy
 y - a ring of protection from cold (right hand)
 B - a +2 amulet of reflection (around neck)
 E - a ring of fire (left hand)
 F - an uncursed amulet of rage {unknown}
Wands
 k - a wand of flame (3)
 m - a wand of acid (10)
 I - a wand of iceblast (6)
Scrolls
 e - 4 scrolls of teleportation
 n - 2 scrolls of enchant weapon
 o - a scroll of fear
 q - 2 scrolls of fog
 z - 2 scrolls of immolation
 A - 2 scrolls of remove curse
 D - a scroll of amnesia
 G - 2 scrolls of blinking {unknown}
 J - 3 scrolls of enchant armour
Potions
 d - a potion of mutation {unknown}
 f - a potion of resistance
 g - a potion of berserk rage
 h - 3 potions of haste
 p - 2 potions of brilliance
 r - 2 potions of agility {unknown}
 s - 3 potions of curing
 t - 2 potions of ambrosia
 u - 2 potions of lignification {unknown}
 v - 3 potions of heal wounds
 w - a potion of invisibility {unknown}
 C - a potion of degeneration {unknown}
Comestibles
 c - 10 rations


   Skills:
 + Level 7.1 Fighting
   Level 8.8 Long Blades
 + Level 6.0 Armour
 + Level 5.7 Dodging


You had 8 spell levels left.
You didn't know any spells.
Your spell library contained the following spells:

 Spells                   Type           Power        Failure   Level  Hunger
 Confusing Touch          Hex            #.....       34%         1    ##.....
 Freeze                   Ice            #...         34%         1    ##.....
 Throw Frost              Conj/Ice       #.....       47%         2    ###....
 Confuse                  Hex            #.......     71%         3    ####...
 Gell's Gravitas          Tloc           #.........   71%         3    ####...
 Ozocubu's Armour         Chrm/Ice       #.......     71%         3    ####...
 Petrify                  Tmut/Erth      #.......     98%         4    #####..
 Summon Ice Beast         Ice/Summ       #.......     98%         4    #####..
 Throw Icicle             Conj/Ice       #.......     98%         4    #####..
 Metabolic Englaciation   Hex/Ice        #.........   100%        5    ######.
 Yara's Violent Unravell  Hex/Tmut       #.........   100%        5    ######.


Dungeon Overview and Level Annotations

Branches:
Dungeon (8/15)             Temple (0/1) D:6
   Lair: D:8-11

Altars:
Dithmenos
Fedhas
Gozag
Hepliaklqana
Kikubaaqudgha
Nemelex Xobeh
Ru
Uskayaw
Xom
Yredelemnul

Shops:
D:5 [   D:6 %

Annotations:
D:3 2 transporters, Menkaure


Innate Abilities, Weirdness & Mutations

You have a pair of small antennae on your head.
You are mostly covered in large bone plates. (SH +6)
You are slightly more attuned to the shadows.
You sometimes gain a little power by taking damage.
Your body sometimes deteriorates upon taking damage.


Message History

Evoke which item? (* to show all) (? for menu, Esc to quit)
Aiming: Corrosive Bolt
Press: ? - help, Shift-Dir - straight line, f - orc
Aim: an orc, wearing a +0 chain mail The bolt of acid hits the four-headed hydra!
The four-headed hydra is splashed with acid.
The four-headed hydra is severely wounded.
The bolt of acid hits the orc.
The orc is splashed with acid.
The acid corrodes the orc!
The orc is almost dead.
You puncture the four-headed hydra!
The four-headed hydra seems to slow down.
You freeze the four-headed hydra.
The four-headed hydra is almost dead.
The four-headed hydra bites you!
* * * LOW HITPOINT WARNING * * *
You block the four-headed hydra's attack.
The four-headed hydra closely misses you.
The four-headed hydra bites you!
You die...

#.##.#.#.###..#
..............# .....
#.##.#.#...#.## ......
#.##...#......# #.#...
###.##.#........# #....D
#.#.##.#.#.##...# #.....o
#...............#
#.....###.#.##.#...#..#.#
#.....oD@....#.##.##.##.#
#......##.#..#.##.......#
.............#.##.##.####
#....#.##.#....## #<#
#....#.##.#..### ###
#....#..#!#..# #...
#<.#.#..# #.# ##...#.$#
..#..#


You could see a four-headed hydra and an orc.

Vanquished Creatures
  A hippogriff (D:5)
  A hungry ghost (D:7)
  A water moccasin (D:6)
  A sky beast (D:7)
  A black bear (D:7)
  4 ice beasts
  2 phantoms
  An ogre (D:5)
  A crocodile (D:7)
  2 big kobolds (D:7)
  A gnoll sergeant (D:6)
  A wyvern zombie (D:4)
  A bullfrog (D:6)
  2 scorpions
  3 killer bees (D:7)
  A wight (D:6)
  A howler monkey (D:5)
  A centaur zombie (Ossuary)
  4 bullfrog zombies
  2 crimson imps
  9 hounds
  An iron imp (D:5)
  3 bullfrog skeletons
  An orc priest (D:7)
  8 orc wizards
  5 worker ants
  2 hound zombies
  17 mummies (Ossuary)
  2 howler monkey zombies
  3 worker ant zombies
  5 gnolls
  10 adders
  2 river rats (D:4)
  A shadow imp (D:5)
  2 oozes (D:3)
  2 adder zombies (Ossuary)
  5 adder skeletons
  A worm (D:2)
  2 dart slugs
  4 leopard geckos
  18 orcs
  4 ball pythons
  5 giant cockroaches
  6 goblins
  8 hobgoblins
  8 jackals
  20 kobolds
  6 quokkas
  6 bats
  7 frilled lizards
  3 jackal zombies (Ossuary)
  2 leopard gecko skeletons
  5 quokka zombies
  12 rats
227 creatures vanquished.

Vanquished Creatures (collateral kills)
  A killer bee (D:7)
  2 wights (D:6)
  A bullfrog skeleton (D:6)
  A fire vortex (D:6)
5 creatures vanquished.

Vanquished Creatures (others)
  A giant cockroach zombie (Ossuary)
  A fire vortex (D:6)
  5 withered plants (Ossuary)
7 creatures vanquished.

Grand Total: 239 creatures vanquished

Notes
Turn   | Place    | Note
-------+----------+-------------------------------------------
     0 | D:1      | robbits the Demonspawn Chaos Knight began the quest for the
                  | Orb.
     0 | D:1      | Reached XP level 1. HP: 18/18 MP: 1/1
     9 | D:1      | Reached skill level 1 in Dodging
   146 | D:1      | XOM: butterfly on damage
   148 | D:1      | Gained mutation: You are partially covered in large bone
                  | plates. (SH +4) [demonic ancestry]
   148 | D:1      | Reached XP level 2. HP: 5/24 MP: 2/2
   160 | D:1      | XOM: harmless Ice miscast
   175 | D:1      | Reached skill level 3 in Long Blades
   555 | D:1      | XOM: silly message
   761 | D:2      | XOM: potion effect (might)
   763 | D:2      | Reached XP level 3. HP: 29/29 MP: 3/3
   931 | D:2      | XOM: divination: detect creatures
   972 | D:2      | Found a sacrificial altar of Ru.
   972 | D:2      | Found a hazy altar of Hepliaklqana.
  1252 | D:2      | Reached XP level 4. HP: 29/35 MP: 4/4
  1657 | D:2      | XOM: harmless Hex miscast
  1796 | D:2      | XOM: silly message
  2199 | D:3      | Found a transporter.
  2301 | D:3      | Found an ancient bone altar of Kikubaaqudgha.
  2301 | D:3      | Noticed Menkaure
  2306 | D:3      | Found a basalt altar of Yredelemnul.
  2312 | D:3      | Found a transporter.
  2399 | D:3      | XOM: harmless Conj miscast
  2502 | D:3      | Gained mutation: You sometimes gain a little power by
                  | taking damage. [demonic ancestry]
  2502 | D:3      | Reached XP level 5. HP: 40/42 MP: 5/5
  2730 | D:3      | XOM: god gift: scroll labeled BUNEOZUCK RICA {god gift}
  2765 | D:4      | XOM: summons 2 hostile demons
  2766 | D:4      | Noticed a chaos spawn
  2766 | D:4      | Noticed an ice devil
  2780 | D:3      | Reached skill level 4 in Long Blades
  2863 | D:4      | Found a sand-covered staircase.
  2864 | D:4      | XOM: mild Ice miscast
  2875 | Ossuary  | Entered an ossuary
  2893 | Ossuary  | XOM: destruction
  2903 | Ossuary  | Gained mutation: You have a pair of small antennae on your
                  | head. [demonic ancestry]
  2903 | Ossuary  | Reached XP level 6. HP: 13/48 MP: 6/6
  3145 | Ossuary  | XOM: give mutation
  3145 | Ossuary  | Gained mutation: Your body sometimes deteriorates upon
                  | taking damage. [Xom's mischief]
  3281 | Ossuary  | XOM: chaos cloud
  3302 | Ossuary  | Reached skill level 5 in Long Blades
  3409 | Ossuary  | XOM: noise
  3428 | Ossuary  | Reached XP level 7. HP: 21/55 MP: 7/7
  3460 | Ossuary  | XOM: torment (15/55 hp)
  4462 | D:4      | Reached skill level 5 in Fighting
  4518 | D:4      | XOM: divination: magic mapping
  4933 | D:4      | Reached skill level 6 in Long Blades
  5098 | D:4      | You fall into a shaft and drop 3 floors!
  5109 | D:7      | Reached XP level 8. HP: 62/62 MP: 8/8
  5116 | D:5      | Entered Level 5 of the Dungeon
  5213 | D:6      | XOM: give mutation
  5213 | D:6      | Gained mutation: You are mostly covered in large bone
                  | plates. (SH +6) [Xom's grace]
  5278 | D:5      | XOM: enchant monster (good)
  5282 | D:5      | XOM: fake destruction
  5290 | D:5      | XOM: polymorph crimson imp -> iron imp
  5409 | D:5      | Found Hasack's Antique Armour Shoppe.
  5409 | D:5      | Noticed a hippogriff
  5410 | D:5      | XOM: enchant monster (good)
  5412 | D:5      | XOM: summons friendly quasit
  5424 | D:5      | Killed a hippogriff
  6199 | D:5      | XOM: cleaving
  6211 | D:5      | Reached skill level 7 in Long Blades
  6324 | D:5      | XOM: scenery: create altars
  6436 | D:5      | XOM: cloud trail
  6460 | D:6      | Found a staircase to the Ecumenical Temple.
  6527 | D:6      | Reached skill level 5 in Armour
  6535 | D:6      | Gained mutation: You are slightly more attuned to the
                  | shadows. [demonic ancestry]
  6535 | D:6      | Reached XP level 9. HP: 63/69 MP: 9/9
  6538 | D:6      | XOM: smoke on damage
  6721 | D:6      | Found Sagaar's Food Shoppe.
  6789 | D:6      | XOM: fog
  6792 | D:6      | XOM: enchant monster (good)
  7195 | D:6      | XOM: god gift: flail {god gift}
  7218 | D:6      | Reached skill level 5 in Dodging
  7375 | D:6      | You fall into a shaft and drop 1 floor!
  7375 | D:7      | Found a sparkling altar of Nemelex Xobeh.
  7375 | D:7      | Found a shadowy altar of Dithmenos.
  7375 | D:7      | Found a hide-covered altar of Uskayaw.
  7375 | D:7      | Found a blossoming altar of Fedhas.
  7375 | D:7      | Found a shimmering altar of Xom.
  7381 | D:7      | XOM: cleaving
  7391 | D:7      | Reached skill level 8 in Long Blades
  7499 | D:7      | Found a blossoming altar of Fedhas.
  7573 | D:7      | Found an opulent altar of Gozag.
  7641 | D:7      | XOM: fog
  7686 | D:7      | XOM: cleaving
  7732 | D:7      | XOM: fog
  7738 | D:7      | XOM: enchant monster (good)
  7974 | D:7      | XOM: confusion (+ monsters)
  8293 | D:8      | Noticed a four-headed hydra
  8303 | D:8      | XOM: potion effect (might)
  8305 | D:8      | Slain by a four-headed hydra

Levels and vault maps discovered:
D:1:      psy_arrival_basics, layout_rooms, chequers_serial_rivers_micro_d,
          kennysheep_another_room
D:2:      layout_basic, gammafunk_temple_overflow_elements
D:3:      layout_loops_corners, gammafunk_temple_of_torment,
          minmay_joined_circles
D:4:      layout_basic, enter_ossuary_5, portal_sewer_entry_b, first_ration
D:5:      layout_cave_pools, serial_shops, shop_fountains
D:6:      layout_loops_ring, nicolae_overflow_hidden_temple,
          minmay_temple_entry_sparse_star, serial_shops, shop,
          hangedman_decor_slide_cut
D:7:      layout_rooms, lemuel_coloured_pillars_altar,
          grunt_temple_overflow_open, basic_altar
D:8:      layout_basic, okawaru_gym_becter

Skill      XL: |  1  2  3  4  5  6  7  8  9 |
---------------+----------------------------+-----
Dodging        | 1 2 3 4 5 |  5.7
Long Blades    | 3 4 5 6 7 8 |  8.8
Armour         | 2 3 4 5 6 |  6.0
Fighting       | 4 5 6 7 |  7.1

Action                   |  1- 3 |  4- 6 |  7- 9 || total
-------------------------+-------+-------+-------++-------
Melee: Falchion          |    95 |   228 |   305 ||   628
       Short sword       |       |       |   219 ||   219
Throw: Dart              |       |     8 |    15 ||    23
Evoke: Wand              |       |       |    22 ||    22
  Use: Potion            |     1 |       |     1 ||     2
       Scroll            |       |     7 |     8 ||    15
 Stab: Confused          |     1 |     2 |     4 ||     7
       Sleeping          |       |     2 |     5 ||     7
       Paralysed         |       |     7 |     7 ||    14
       Petrified         |       |     2 |    17 ||    19
       Petrifying        |       |     1 |     1 ||     2
       Distracted        |       |       |     1 ||     1
  Eat: Chunk             |     1 |     5 |    13 ||    19
       Ration            |       |     1 |     1 ||     2
Armor: Leather armour    |    26 |    69 |   189 ||   284
Dodge: Dodged            |    51 |   119 |   272 ||   442
Block: Other             |    18 |    37 |   141 ||   196
       Reflection        |       |       |     7 ||     7
       Rpst.: Falchion   |    18 |    39 |    47 ||   104

Table legend:
 A = Non-vault XP
 B = Vault XP
 C = Vault XP percentage of total XP
 D = Non-vault monster count
 E = Vault monster count
 F = Vault count percentage of total count
                 A         B        C        D         E       F
            +---------+---------+-------+---------+---------+-------
      Total |    4518 |     681 |  13.1 |     179 |      52 |  22.5
            +---------+---------+-------+---------+---------+-------
        D:1 |      38 |       0 |   0.0 |      15 |       0 |   0.0
        D:2 |      83 |       0 |   0.0 |      27 |       0 |   0.0
        D:3 |      59 |      36 |  37.9 |      15 |      12 |  44.4
        D:4 |     588 |      32 |   5.2 |      28 |       6 |  17.6
        D:5 |     885 |       0 |   0.0 |      24 |       0 |   0.0
        D:6 |    1214 |       0 |   0.0 |      25 |       0 |   0.0
        D:7 |    1603 |       0 |   0.0 |      42 |       0 |   0.0
        D:8 |      48 |       0 |   0.0 |       3 |       0 |   0.0
    Ossuary |       0 |     613 | 100.0 |       0 |      34 | 100.0
            +---------+---------+-------+---------+---------+-------
